 Dungeon Sprint DCSS version 0.20-a0-1122-gb7cbeb9 (webtiles) character file.

431 Kidiri the Covered (level 7, 0/48 HPs)
             Began as a Gargoyle Fighter on May 12, 2017.
             Was an Initiate of Okawaru.
             Slain by Sonja
             ... wielding a +2 dagger of distortion
              (1 damage)
             ... in the Dungeon (Sprint I: "Red Sonja").
             The game lasted 00:02:48 (723 turns).

Kidiri the Covered (Gargoyle Fighter)                Turns: 723, Time: 00:02:50

Health: 0/48       AC: 15    Str: 20    XL:     7   Next: 0%
Magic:  7/7        EV:  8    Int:  9    God:    Okawaru [......]
Gold:   297        SH: 11    Dex: 10    Spells: 6/6 levels left

rFire    . . .     SeeInvis .   a - +0 flail
rCold    . . .     Gourm    .   c - +0 shield
rNeg     + . .     Faith    .   n - +0 chain mail
rPois    ∞         Spirit   .   (no helmet)
rElec    +         Reflect  .   (no cloak)
rCorr    .         Harm     .   (no gloves)
MR       .....     NoTele   +   (no boots)
Stlth    ..........             (no amulet)
Regen    0.2/turn               (no ring)
MPRegen  0.1/turn               (no ring)

@: no status effects
A: negative energy resistance 1, electricity resistance, unbreathing,
petrification resistance, rot immunity, AC +4
a: Renounce Religion


You were in the Dungeon.
You worshipped Okawaru.
Okawaru was noncommittal.
You were not hungry.

You visited 1 branch You collected 297 gold pieces.

Inventory:

Hand Weapons
 a - a +0 flail (weapon)
Armour
 c - a +0 shield (worn)
 n - a +0 chain mail (worn)
Wands
 l - a wand of polymorph (7/24)
Scrolls
 k - a scroll of blinking
Potions
 d - a potion of might
 e - a potion of curing
 h - a potion of haste
 i - 2 potions of magic
Comestibles
 b - a royal jelly
 f - a bread ration
 g - 5 chunks of flesh


   Skills:
 * Level 7.7 Fighting
 * Level 6.7 Maces & Flails
 * Level 7.9 Armour
 * Level 5.2 Dodging
 * Level 7.9 Shields
 + Level 0.0 Invocations
 + Level 0.0 Evocations


You had 6 spell levels left.
You didn't know any spells.

Dungeon Overview and Level Annotations

Branches:
Dungeon (1/1)

Altars:
Cheibriados
Dithmenos
Elyvilon
Fedhas
Gozag
Hepliaklqana
Kikubaaqudgha
Nemelex Xobeh
Okawaru
Qazlal
Ru
Sif Muna
Trog
Uskayaw
Vehumet
Wu Jian
Yredelemnul
Zin
The Shining One

Shops:
D =

Annotations:
D Sonja


Innate Abilities, Weirdness & Mutations

You are resistant to torment.
Your stone body is resilient. (AC +4)
You are immune to poison.
You resist negative energy. (rN+)
You are resistant to electric shocks. (rElec)
You can survive without breathing.
You are immune to petrification.
You are immune to rotting.


Message History

Sonja mumbles some strange words.
Sonja blinks!
Sonja unwields an uncursed dagger of distortion.
Its appearance distorts for a moment.
Sonja wields an uncursed blowgun.
Sonja shoots a curare-tipped needle.
The curare-tipped needle hits you.
Sonja shoots a curare-tipped needle.
You block the curare-tipped needle.
You see here a curare-tipped needle.
Sonja unwields an uncursed blowgun.
Sonja wields an uncursed dagger of distortion.
Its appearance distorts for a moment.
Sonja hits you but does no damage.
You feel a strange sense of stasis. Sonja hits you but does no damage. x2
Space warps horribly around you!
You closely miss Sonja. Sonja barely misses you. You block Sonja's attack.
Sonja barely misses you.
Sonja shouts, "Too slow!"
Sonja hits you with an uncursed dagger of distortion.
Space warps horribly around you!
* * * LOW HITPOINT WARNING * * *
Sonja hits you with an uncursed dagger of distortion.
You die...

#..####..#...#)#
#..#__####..##.#
#..#_____##+#_.+
#⌠⌠#_.∩...+..._#
####_..__##_(#+#
#_____###+#[#
#########(###


+$($+ #$@$# ##K## #+# You could see Sonja.

Vanquished Creatures
  Sigmund (D)
  A yak (D)
  An ogre (D)
  A jelly (D)
  Ijyb (D)
5 creatures vanquished.

Notes
Turn   | Place    | Note
-------+----------+-------------------------------------------
     0 | D        | Kidiri the Gargoyle Fighter began the quest for the Orb.
     0 | D        | Reached XP level 1. HP: 14/14 MP: 1/1
     2 | D        | Noticed Ijyb
    15 | D        | Killed Ijyb
    15 | D        | Reached skill level 1 in Dodging
    15 | D        | Reached XP level 2. HP: 19/20 MP: 2/2
    15 | D        | Reached XP level 3. HP: 23/24 MP: 3/3
    69 | D        | Noticed an ogre
    81 | D        | Killed an ogre
    81 | D        | Reached skill level 5 in Fighting
    81 | D        | Reached skill level 5 in Armour
    81 | D        | Reached skill level 5 in Shields
    81 | D        | Reached XP level 4. HP: 31/31 MP: 4/4
   121 | D        | Noticed Sigmund
   130 | D        | Killed Sigmund
   130 | D        | Reached skill level 5 in Maces & Flails
   130 | D        | Reached XP level 5. HP: 18/37 MP: 5/5
   130 | D        | Reached XP level 6. HP: 21/42 MP: 6/6
   357 | D        | Found an ornate altar of the Wu Jian Council.
   357 | D        | Found a deep blue altar of Sif Muna.
   359 | D        | Found a radiant altar of Vehumet.
   584 | D        | Found Iqecuif's Jewellery Emporium.
   584 | D        | Found an ancient bone altar of Kikubaaqudgha.
   584 | D        | Found a hazy altar of Hepliaklqana.
   584 | D        | Found a stormy altar of Qazlal.
   584 | D        | Found a hide-covered altar of Uskayaw.
   584 | D        | Found a blossoming altar of Fedhas.
   584 | D        | Found a bloodstained altar of Trog.
   584 | D        | Found an iron altar of Okawaru.
   584 | D        | Found a basalt altar of Yredelemnul.
   584 | D        | Found a glowing golden altar of the Shining One.
   584 | D        | Found a snail-covered altar of Cheibriados.
   584 | D        | Found a sacrificial altar of Ru.
   584 | D        | Found a glowing silver altar of Zin.
   584 | D        | Found a shadowy altar of Dithmenos.
   584 | D        | Found a white marble altar of Elyvilon.
   584 | D        | Noticed a yak
   593 | D        | Killed a yak
   593 | D        | Reached skill level 5 in Dodging
   593 | D        | Reached XP level 7. HP: 48/48 MP: 7/7
   597 | D        | Found an opulent altar of Gozag.
   598 | D        | Found a sparkling altar of Nemelex Xobeh.
   604 | D        | Became a worshipper of Warmaster Okawaru
   715 | D        | Noticed Sonja
   723 | D        | HP: 1/48 [Sonja/uncursed dagger of distortion (17)]
   723 | D        | Slain by Sonja

Vault maps used:
D:        dungeon_sprint_1

Skill      XL: |  1  2  3  4  5  6 |
---------------+-------------------+-----
Fighting       | 4 5 6 7 |  7.7
Maces & Flails | 3 4 5 6 |  6.7
Armour         | 4 5 7 |  7.9
Dodging        | 1 3 4 5 |  5.2
Shields        | 4 5 7 |  7.9

Action                   |  1- 3 |  4- 6 |  7- 9 || total
-------------------------+-------+-------+-------++-------
Melee: Flail             |    19 |    24 |     3 ||    46
       Unarmed           |     2 |       |       ||     2
  Use: Potion            |     2 |       |       ||     2
Armor: Scale mail        |     4 |       |       ||     4
       Skin              |     2 |       |       ||     2
       Chain mail        |     2 |     3 |    10 ||    15
Dodge: Dodged            |     2 |     4 |     4 ||    10
Block: Shield            |     8 |    13 |     4 ||    25
